Map: [ESL] Waterfall

Players

PattyMac - Winner!

  • Race: Protoss Protoss
  • Spawn Location: 1:00

PureLegacy

  • Race: Terran Terran
  • Spawn Location: 7:00

Event: DreamHack SC2 Masters 2022 Atlanta (Online)

VOD

Have the link to the VOD?

Description

Time

  • Played on: Oct. 8, 2022, 3:13 p.m.
  • Length: 9:29

All games in this series

Show
View Real Time Build Order
Export as new Build Order

PattyMac Protoss - Winner!

Build Orders: 1 Gate Expand, Blink Stalkers, Colossus Rush 

Get SALT Encoding   

  12  0:00  Probe  
  13  0:12  Probe  
  14  0:17  Pylon  
  14  0:24  Probe (Chrono Boost)  
  16  0:36  Gateway, Probe (Chrono Boost)  
  16  0:43  Probe (Chrono Boost)  
  16  0:45  Assimilator  
  17  0:51  Probe  
  18  0:58  Gateway  
  18  1:03  Probe  
  19  1:23  Cybernetics Core  
  19  1:38  Nexus  
  19  1:44  Pylon  
  20  1:47  Probe  
  20  1:59  Adept (Chrono Boost)  
  20  2:01  Warp Gate  
  23  2:05  Probe  
  23  2:06  Adept (Chrono Boost)  
  25  2:10  Assimilator  
  25  2:20  Adept (Chrono Boost)  
  25  2:21  Probe  
  28  2:27  Adept  
  30  2:33  Probe  
  31  2:43  Twilight Council  
  31  2:52  Probe  
  32  2:58  Adept x2  
  32  3:00  Probe (Chrono Boost)  
  38  3:13  Probe (Chrono Boost)  
  38  3:16  Probe (Chrono Boost)  
  38  3:19  Blink (Chrono Boost)  
  40  3:21  Probe x2 (Chrono Boost)  
  41  3:32  Probe  
  42  3:34  Probe  
  43  3:44  Probe  
  43  3:46  Probe  
  43  3:47  Robotics Facility  
  45  3:51  Gateway  
  45  3:56  Probe  
  46  4:08  Pylon  
  46  4:10  Assimilator  
  46  4:18  Gateway  
  46  4:26  Probe x2  
  48  4:32  Nexus  
  48  4:33  Pylon  
  44  4:39  Probe x2  
  42  4:51  Probe x2  
  42  4:54  Stalker x3  
  42  4:55  Observer (Chrono Boost)  
  47  5:03  Probe  
  47  5:04  Probe  
  49  5:10  Assimilator  
  49  5:12  Stalker  
  51  5:14  Robotics Bay  
  51  5:15  Probe  
  51  5:16  Probe  
  51  5:17  Stalker x2  
  57  5:23  Stalker  
  57  5:26  Pylon  
  57  5:27  Probe  
  60  5:29  Probe  
  60  5:33  Observer  
  61  5:39  Probe  
  61  5:40  Pylon  
  62  5:46  Stalker x3  
  68  5:52  Probe  
  69  5:57  Pylon  
  69  5:58  Colossus (Chrono Boost)  
  69  6:00  Pylon  
  75  6:04  Charge  
  75  6:17  Observer  
  75  6:29  Stalker x4  
  75  6:31  Extended Thermal Lance  
  79  6:34  Gateway x2  
  79  6:36  Gateway  
  79  6:42  Gateway  
  79  6:53  Shield Battery  
  79  6:54  Pylon  
  77  7:07  Colossus (Chrono Boost)  
  81  7:18  Zealot x4  
  81  7:19  Probe x3  
  88  7:22  Observer  
  88  7:23  Pylon  
  88  7:26  Forge  
  88  7:31  Probe  
  88  7:33  Forge  
  89  7:43  Colossus (Chrono Boost)  
  89  7:45  Observer  
  95  7:51  Stalker  
  95  7:52  Stalker x3  
  95  7:57  Shield Battery  
  103  8:01  Sentry x2  
  107  8:07  Zealot x2  
  107  8:10  Probe  
  112  8:13  Pylon  
  112  8:19  Stalker x2  
  116  8:30  Pylon  
  116  8:32  Pylon x2  
  116  8:33  Pylon  
  116  8:38  Colossus (Chrono Boost)  
  116  8:43  Zealot  
  123  8:54  Zealot  
  123  8:55  Zealot x4  
  131  9:03  Dark Shrine, Probe  
  131  9:04  Probe  
  131  9:07  Assimilator  
  123  9:11  Zealot x3  
  117  9:23  Zealot x4  
Show
View Real Time Build Order
Export as new Build Order

PureLegacy Terran 

Build Orders: Reaper Expand 

Get SALT Encoding   

  12  0:00  SCV  
  13  0:12  SCV  
  14  0:17  Supply Depot  
  14  0:24  SCV  
  15  0:39  SCV  
  15  0:42  Barracks  
  16  0:45  Refinery  
  16  0:51  SCV  
  17  1:03  SCV  
  18  1:15  SCV  
  19  1:30  Reaper, Orbital Command  
  20  1:40  Command Center  
  20  1:51  Bunker  
  20  1:57  SCV  
  20  2:00  Supply Depot  
  21  2:05  Marine  
  22  2:15  SCV  
  23  2:25  Barracks Reactor  
  23  2:27  SCV  
  24  2:34  Barracks  
  24  2:35  Barracks  
  24  2:40  Engineering Bay  
  24  2:41  SCV  
  25  2:56  SCV  
  26  2:59  Orbital Command  
  26  3:03  Marine  
  26  3:04  Marine  
  28  3:06  Terran Infantry Weapons Level 1  
  28  3:08  SCV  
  29  3:15  Missile Turret  
  29  3:22  Marine  
  29  3:23  Barracks Tech Lab x2, Marine  
  31  3:32  SCV  
  31  3:33  SCV  
  30  3:36  Supply Depot  
  30  3:44  Marine x4  
  33  3:49  Stimpack  
  33  3:51  SCV x2  
  34  4:03  SCV  
  34  4:06  Marine  
  34  4:07  Combat Shield, Marine  
  36  4:11  SCV  
  36  4:15  Marine x2  
  38  4:29  Marine x2  
  38  4:31  SCV x2  
  40  4:33  Marine  
  39  4:45  SCV  
  39  4:46  SCV  
  38  4:55  Marauder x2, Marine x2  
  38  4:57  SCV  
  38  4:59  SCV  
  43  5:04  Supply Depot  
  43  5:09  SCV  
  43  5:11  SCV  
  43  5:13  Missile Turret, Marine x2  
  47  5:17  Factory, Marauder  
  47  5:18  Marine  
  50  5:21  SCV  
  50  5:23  SCV  
  52  5:31  Supply Depot, Marine x2  
  52  5:33  SCV  
  52  5:35  SCV  
  56  5:43  Marauder  
  56  5:45  Marauder  
  56  5:48  SCV x2  
  61  5:52  Marine x2  
  61  5:55  Refinery  
  61  5:56  Supply Depot  
  63  5:58  Refinery  
  63  6:00  SCV  
  63  6:04  SCV  
  65  6:05  Marauder  
  65  6:08  Barracks  
  65  6:10  Barracks  
  67  6:12  SCV  
  67  6:16  SCV  
  69  6:19  Barracks Tech Lab  
  69  6:20  Marine x2  
  71  6:26  Marauder  
  71  6:29  Barracks Tech Lab  
  71  6:32  SCV x2  
  73  6:34  Supply Depot  
  73  6:38  Marine x2  
  75  6:41  Factory Reactor  
  75  6:42  Starport  
  75  6:44  SCV  
  76  6:47  Concussive Shells  
  76  6:48  Marauder  
  78  6:55  SCV  
  78  6:56  Supply Depot, Marauder  
  78  6:57  Supply Depot  
  74  7:02  Barracks Reactor, Barracks Tech Lab  
  74  7:03  Marine x2  
  69  7:09  Marauder  
  69  7:10  SCV x2  
  70  7:18  Marauder  
  71  7:24  Marauder, Marine x2  
  71  7:29  Refinery  
  75  7:30  Marauder  
  75  7:34  SCV x2  
  75  7:36  Supply Depot  
  79  7:38  Medivac x2  
  79  7:39  Marauder  
  83  7:45  Marauder, Marine x2  
  83  7:46  Marine x2  
  89  7:52  Marauder  
  89  7:54  Supply Depot  
  91  7:58  Supply Depot  
  91  8:01  Marauder  
  91  8:04  Marine x2  
  91  8:05  Marine  
  96  8:06  Marauder  
  96  8:07  Marine  
  97  8:13  Marauder  
  97  8:15  Medivac  
  97  8:17  Medivac  
  103  8:24  Supply Depot, Marauder  
  104  8:28  Marauder, Marine x3  
  104  8:29  Marine  
  110  8:38  Marauder  
  112  8:45  Marine x2  
  112  8:46  Marine x2  
  112  8:47  Marine  
  116  8:58  Marauder  
  116  8:59  Marauder  
  122  9:03  Marine x2  
  122  9:04  Supply Depot, Marauder, Marine  
Tags
 
Add a new tag
Caveats
  • Supply blocks, unpowered buildings, or Contaminate may cause inaccurate times.
  • Supply counts are checked every 10 seconds.